 Dungeon Sprint DCSS version 0.20.1-1-g8b1a95d (webtiles) character file.

436 equalderp2856 the Protected (level 6, -2/64 HPs)
             Began as a Minotaur Fighter on Oct 11, 2017.
             Succumbed to Sonja's poison
             ... in the Dungeon (Sprint I: "Red Sonja").
             The game lasted 00:01:39 (518 turns).

equalderp2856 the Protected (Minotaur Fighter)       Turns: 518, Time: 00:01:40

Health: -2/64      AC:  8    Str: 21    XL:     6   Next: 68%
Magic:  5/5        EV:  9    Int:  5    God:
Gold:   322        SH: 11    Dex: 11    Spells: 5/5 levels left

rFire    . . .     SeeInvis .   a - +0 war axe
rCold    . . .     Gourm    .   c - +0 shield
rNeg     . . .     Faith    .   b - +0 scale mail
rPois    .         Spirit   .   (helmet restricted)
rElec    .         Reflect  .   (no cloak)
rCorr    .         Harm     .   (no gloves)
MR       .....     NoTele   +   (no boots)
Stlth    ..........             (no amulet)
Regen    0.2/turn               (no ring)
MPRegen  0.1/turn               (no ring)

@: lethally poisoned (-2 -> -41), flying, hasted and slowed
A: retaliatory headbutt, horns 2
a: no special abilities


You were in the Dungeon.
You were not hungry.

You visited 1 branch You collected 322 gold pieces.

Inventory:

Hand Weapons
 a - a +0 war axe (weapon)
Armour
 b - a +0 scale mail (worn)
 c - a +0 shield (worn)
Scrolls
 k - a scroll of blinking
 m - a scroll of identify {unknown}
Potions
 d - a potion of might
 i - 2 potions of magic
 j - a potion of berserk rage
Comestibles
 f - a bread ration


   Skills:
 + Level 9.6 Fighting
 + Level 7.3 Axes
 + Level 10.0 Armour
 + Level 0.9 Dodging
 + Level 0.3 Stealth
 + Level 9.7 Shields


You had 5 spell levels left.
You didn't know any spells.

Dungeon Overview and Level Annotations

Branches:
Dungeon (1/1)

Altars:
Cheibriados
Dithmenos
Elyvilon
Fedhas
Gozag
Hepliaklqana
Kikubaaqudgha
Nemelex Xobeh
Okawaru
Qazlal
Ru
Sif Muna
Trog
Uskayaw
Vehumet
Yredelemnul
Zin
The Shining One

Shops:
D ?

Annotations:
D Sonja


Innate Abilities, Weirdness & Mutations

You reflexively headbutt those who attack you in melee.
You have a pair of horns on your head.


Message History

You see here 2 curare-tipped needles.
* * * LOW HITPOINT WARNING * * *
You feel very sick.
Sonja shoots a curare-tipped needle.
You block the curare-tipped needle.
You see here 3 curare-tipped needles.
* * * LOW HITPOINT WARNING * * *
You feel very sick.
You see here 27 gold pieces.
It was a potion of flight.
You feel very buoyant.
You fly up into the air.
* * * LOW HITPOINT WARNING * * *
You feel very sick.
Unknown command.
* * * LOW HITPOINT WARNING * * *
You feel very sick.
Sonja mumbles some strange words.
Sonja blinks!
Unknown command.
You die...

#..#####'#####K#
#..####..#...#.#
#..#__####..##.#
#..#_____##'#..+
#⌠⌠#_.∩...†.§._#
####_..__##_(#'#
#_____###(#.#
#########(###
+$.@+ #(.$#
##.## #+#


There were no monsters in sight!

Vanquished Creatures
  Sigmund (D)
  A yak (D)
  An ogre (D)
  A jelly (D)
  Ijyb (D)
5 creatures vanquished.

Notes
Turn   | Place    | Note
-------+----------+-------------------------------------------
     0 | D        | equalderp2856 the Minotaur Fighter began the quest for the Orb.
     0 | D        | Reached XP level 1. HP: 19/19 MP: 0/0
     2 | D        | Noticed Ijyb
    16 | D        | Killed Ijyb
    16 | D        | Reached skill level 5 in Fighting
    16 | D        | Reached skill level 5 in Armour
    16 | D        | Reached skill level 5 in Shields
    16 | D        | Reached XP level 2. HP: 24/29 MP: 1/1
    62 | D        | Noticed an ogre
    65 | D        | Killed an ogre
    65 | D        | Reached skill level 6 in Armour
    65 | D        | Reached XP level 3. HP: 38/38 MP: 2/2
    65 | D        | Reached XP level 4. HP: 45/45 MP: 3/3
   152 | D        | Noticed Sigmund
   160 | D        | Killed Sigmund
   160 | D        | Reached skill level 8 in Armour
   160 | D        | Reached XP level 5. HP: 49/56 MP: 4/4
   205 | D        | Found a deep blue altar of Sif Muna.
   207 | D        | Found a radiant altar of Vehumet.
   210 | D        | Reached skill level 9 in Armour
   210 | D        | Reached XP level 6. HP: 62/62 MP: 5/5
   307 | D        | Found Afrusk's Magic Scroll Emporium.
   307 | D        | Found an ancient bone altar of Kikubaaqudgha.
   307 | D        | Found a hazy altar of Hepliaklqana.
   307 | D        | Found a stormy altar of Qazlal.
   307 | D        | Found a hide-covered altar of Uskayaw.
   307 | D        | Found a blossoming altar of Fedhas.
   307 | D        | Found a bloodstained altar of Trog.
   307 | D        | Found an iron altar of Okawaru.
   307 | D        | Found a basalt altar of Yredelemnul.
   307 | D        | Found a glowing golden altar of the Shining One.
   307 | D        | Found a snail-covered altar of Cheibriados.
   307 | D        | Found a sacrificial altar of Ru.
   307 | D        | Found a glowing silver altar of Zin.
   307 | D        | Found a shadowy altar of Dithmenos.
   307 | D        | Found a white marble altar of Elyvilon.
   307 | D        | Noticed a yak
   314 | D        | Killed a yak
   314 | D        | Reached skill level 10 in Armour
   315 | D        | Found an opulent altar of Gozag.
   316 | D        | Found a sparkling altar of Nemelex Xobeh.
   499 | D        | Noticed Sonja
   510 | D        | HP: 2/64 [poisoned by Sonja (curare-tipped needle)]
   517 | D        | HP: 1/64 [poisoned by Sonja]
   518 | D        | Succumbed to Sonja's poison

Skill      XL: |  1  2  3  4  5  6 |
---------------+-------------------+-----
Fighting       | 5 6 8 9 |  9.6
Axes           | 3 4 6 7 |  7.3
Armour         | 5 6 8 9 10 | 10.0
Shields        | 5 6 8 9 |  9.7
Dodging        | |  0.9
Stealth        | |  0.3

Action                   |  1- 3 |  4- 6 || total
-------------------------+-------+-------++-------
Melee: War axe           |    15 |    22 ||    37
       Headbutt          |     5 |     4 ||     9
  Use: Potion            |       |     4 ||     4
Armor: Scale mail        |     4 |    11 ||    15
Dodge: Dodged            |     2 |    14 ||    16
Block: Shield            |     8 |    26 ||    34
